 Dungeon Crawl Stone Soup version 0.26-b1-32-g5d43845318 (webtiles) character file.

Game seed: 7993296829095619518

371 barnardine the Skirmisher (level 6, -11/67 HPs)
             Began as an Ogre Berserker on Jan 12, 2021.
             Was a Priest of Trog.
             Mangled by an orc warrior
             ... wielding a +0 mace
              (19 damage)
             ... on level 7 of the Dungeon.
             The game lasted 00:24:09 (3739 turns).

barnardine the Skirmisher (Ogre Berserker)          Turns: 3739, Time: 00:24:10

Health: -11/67     AC:  3    Str: 24    XL:     6   Next: 71%
Magic:  6/6        EV: 10    Int:  8    God:    Trog [***...]
Gold:   183        SH:  0    Dex:  4    Spells: 5/5 levels left

rFire    . . .     SeeInvis .   w - +0 hand axe (vorpal)
rCold    . . .     Faith    .   (no shield)
rNeg     . . .     Spirit   .   b - +0 animal skin
rPois    .         Reflect  .   (helmet restricted)
rElec    .         Harm     .   (no cloak)
rCorr    .         Rampage  .   (gloves unavailable)
Will     .....                  (boots unavailable)
Stlth    +.........             (no amulet)
HPRegen  0.21/turn              s - -4 ring of dexterity (curse)
MPRegen  0.10/turn              V - ring of wizardry

@: no status effects
A: large, unfitting armour, tough skin 1
a: Renounce Religion, Berserk, Trog's Hand


You were on level 7 of the Dungeon.
You worshipped Trog.
Trog was most pleased with you.
You visited 1 branch of the dungeon, and saw 5 of its levels.

You collected 183 gold pieces.

Inventory:

Hand Weapons
 a - a +0 hand axe
 e - a +0 club
 f - a +0 club
 h - a +0 spear
 j - a +0 short sword
 m - a +0 whip
 q - a +0 club
 t - a +0 hand axe
 u - a +0 club
 w - a +0 vorpal hand axe (weapon)
 A - a +0 hand crossbow
 B - a +0 trident
 C - a +0 dagger
 H - a +0 club
 Q - a +0 dagger
 S - a +0 dagger
Missiles
 c - 99 stones
 d - 49 poisoned darts
 l - 47 bolts
 y - a throwing net
 M - 44 sling bullets
 O - 40 arrows
Armour
 b - a +0 animal skin (worn)
 g - a +0 leather armour
 i - a +0 scale mail
 k - a cursed +0 chain mail
 p - a +0 helmet
 x - a +0 ring mail
 D - a +0 robe
 E - a +0 ring mail
 I - a +0 buckler
 L - a +0 buckler
 R - a +0 ring mail
 T - a +0 leather armour
Jewellery
 s - a cursed -4 ring of dexterity (left hand)
 V - a ring of wizardry (right hand)
Scrolls
 n - 5 scrolls of remove curse {unknown}
 o - 4 scrolls of magic mapping
 v - 5 scrolls of identify {unknown}
 z - a scroll of teleportation {unknown}
 F - a scroll of enchant armour {unknown}
 K - a scroll of fear {unknown}
 P - a scroll of random uselessness {unknown}
 U - a scroll of noise {unknown}
 X - a scroll of amnesia {unknown}
 Z - a scroll of fog {unknown}
Potions
 r - 2 potions of lignification {unknown}
 G - 2 potions of curing {unknown}
 J - a potion of mutation {unknown}
 N - a potion of berserk rage {unknown}
 W - a potion of brilliance {unknown}
 Y - a potion of flight {unknown}


   Skills:
 + Level 5.6 Fighting
 + Level 5.3 Axes
 + Level 4.1 Dodging
 + Level 1.2 Stealth


You had 5 spell levels left.
You didn't know any spells.
Your spell library was empty.

Dungeon Overview and Level Annotations

Branches:
Dungeon (4/15)
 Temple: D:4-7

Altars:
Sif Muna


Innate Abilities, Weirdness & Mutations

You are too large for most types of armour.
You have tough skin. (AC +1)


Message History

You hit the orc warrior but do no damage.
You barely miss the orc warrior.
The orc warrior hits you with a +0 mace.
You hit the orc warrior but do no damage.
The orc warrior hits you with a +0 mace!
You barely miss the orc warrior. The orc warrior completely misses you.
You completely miss the orc warrior.
The orc warrior hits you with a +0 mace!
* * * LOW HITPOINT WARNING * * *
You barely miss the orc warrior.
The orc priest miscasts a cantrip.
You barely miss the orc warrior. The orc warrior barely misses you.
You barely miss the orc warrior. The orc warrior misses you.
You closely miss the orc warrior.
The orc priest looks encouraged for a moment.
The orc warrior hits you with a +0 mace!
* * * LOW HITPOINT WARNING * * *
You barely miss the orc warrior.
The orc warrior hits you with a +0 mace!!
You die...

#.# . #.# #.# #.# #.#
#.# #.#
.##################.###.
.....oo@................
########################


You could see an orc warrior and an orc priest.

Vanquished Creatures
  A howler monkey (D:4)
  A jelly (D:7)
  2 hounds (D:4)
  Natasha (twice) (D:4)
  A worker ant (D:4)
  6 adders
  An ooze (D:4)
  A worm (D:3)
  5 dart slugs
  4 leopard geckos
  9 orcs
  A ball python (D:2)
  A giant cockroach (D:2)
  9 goblins
  5 hobgoblins
  12 jackals
  A quokka (D:2)
  15 bats
  5 frilled lizards
  4 kobolds
  A leopard gecko skeleton (D:3)
  7 rats
94 creatures vanquished.

Vanquished Creatures (others)
  27 plants (D:3)
27 creatures vanquished.

Grand Total: 121 creatures vanquished

Notes
Turn   | Place    | Note
-------+----------+-------------------------------------------
     0 | D:1      | barnardine the Ogre Berserker began the quest for the Orb.
     0 | D:1      | Reached XP level 1. HP: 24/24 MP: 1/1
   178 | D:1      | Reached XP level 2. HP: 27/32 MP: 2/2
   476 | D:1      | Reached XP level 3. HP: 37/40 MP: 3/3
   646 | D:1      | Reached ** piety under Trog
  1309 | D:2      | Reached XP level 4. HP: 11/49 MP: 4/4
  2201 | D:2      | Reached skill level 5 in Fighting
  2368 | D:3      | Reached XP level 5. HP: 57/57 MP: 5/5
  2650 | D:3      | Reached *** piety under Trog
  3135 | D:4      | Reached XP level 6. HP: 66/66 MP: 6/6
  3185 | D:4      | Noticed Natasha
  3190 | D:4      | Killed Natasha
  3191 | D:4      | Reached skill level 1 in Stealth
  3197 | D:4      | Reached skill level 5 in Axes
  3228 | D:4      | Found a shimmering blue altar of Sif Muna.
  3481 | D:4      | Noticed Natasha
  3492 | D:4      | Killed Natasha
  3663 | D:4      | You fall into a shaft and drop 3 floors!
  3722 | D:7      | Noticed an orc warrior
  3739 | D:7      | Mangled by an orc warrior

Illustrated notes

Levels and vault maps discovered:
D:1:      onia_arrival_pentagram, layout_basic, minmay_stone_trees_medium,
          hex_tiny
D:2:      minmay_wonky_spiral, layout_basic
D:3:      layout_loops_ring, serial_bayou, serial_bayou_pond_c,
          serial_bayou_crossing, serial_bayou_ford_a, serial_bayou_pond_c
D:4:      layout_loops_ring, kennysheep_mini, uniq_natasha
D:7:      layout_loops_ring, chequers_temple_overflow_statue_of_worship,
          slow_altar_1, minmay_temple_entry_offerings, tso_altar

Skill      XL: |  1  2  3  4  5  6 |
---------------+-------------------+-----
Dodging        | 3 4 |  4.1
Axes           | 4 5 |  5.3
Fighting       | 5 |  5.6
Stealth        | 1 |  1.2

Action                   |  1- 3 |  4- 6 || total
-------------------------+-------+-------++-------
Melee: Hand axe          |   121 |   232 ||   353
  Use: Potion            |     1 |     2 ||     3
       Scroll            |     1 |       ||     1
 Stab: Invisible         |       |     3 ||     3
Armor: Animal skin       |    59 |    40 ||    99
Dodge: Dodged            |    96 |   122 ||   218
